 Dungeon Crawl Stone Soup version 0.19-a0-1931-gf4bb0bd (webtiles) character file.

286 Musica the Skirmisher (level 6, 0/75 HPs)
             Began as a Demonspawn Berserker on Oct 25, 2016.
             Was a Priest of Trog.
             Slain by an adder (2 damage)
             ... in a sewer.
             The game lasted 00:05:33 (1503 turns).

Musica the Skirmisher (Demonspawn Berserker)        Turns: 1503, Time: 00:05:34

Health: 0/75       AC:  4    Str: 23    XL:     6   Next: 8%
Magic:  6/6        EV: 12    Int:  8    God:    Trog [***...]
Gold:   73         SH:  0    Dex: 14    Spells: 0 memorised, 5 levels left

rFire  . . .     SeeInvis .     e - +2 spear (flame)
rCold  . . .     Gourm    .     b - +1 animal skin
rNeg   . . .     Faith    .     (no shield)
rPois  .         Spirit   .     (no helmet)
rElec  .         Reflect  .     (no cloak)
rCorr  .         Harm     .     (no gloves)
MR     .....                    (no boots)
Stlth  ..........               (no amulet)
                                (no ring)
                                (no ring)

@: berserking (expiring), lethally poisoned (0 -> -11), very quick
A: rugged brown scales 1, demonic guardian 1
a: Berserk, Trog's Hand, Burn Spellbooks, Renounce Religion


You were in a sewer.
You worshipped Trog.
Trog was most pleased with you.
You were very hungry.

You visited 1 branch of the dungeon, and saw 3 of its levels.
You also visited: Sewer.

You collected 73 gold pieces.

Inventory:

Hand Weapons
 a - a +0 falchion
 e - a +2 spear of flaming (weapon)
 k - a +0 hunting sling
Missiles
 f - 17 sling bullets
Armour
 b - a +1 animal skin (worn)
Scrolls
 d - 2 scrolls of remove curse
 l - a scroll of fog {unknown}
 m - 2 scrolls of magic mapping
 n - a scroll of recharging {unknown}
Potions
 g - 2 potions of curing {unknown}
 h - a potion of ambrosia {unknown}
 j - a potion of brilliance {unknown}
 o - a potion of might {unknown}
 p - 4 potions of magic {unknown}
Comestibles
 c - 2 bread rations
 i - 14 chunks of flesh


   Skills:
 + Level 4.6 Fighting
 + Level 3.9 Long Blades
 + Level 3.2 Polearms
 - Level 1.7 Armour
 - Level 1.7 Dodging


You had 5 spell levels left.
You didn't know any spells.

Dungeon Overview and Level Annotations

Branches:
Dungeon (3/15)

Altars:


Innate Abilities, Weirdness & Mutations

You are partially covered in rugged brown scales. (AC +1, +3% HP)
A weak demonic guardian rushes to your aid.


Message History

* * * LOW HITPOINT WARNING * * *
You are more poisoned.
The adder poisons you! The ball python bites your white imp.
The ball python constricts your white imp.
Your white imp gestures at the adder.
The puff of frost hits the adder.
The adder bites you but does no damage.
You are too berserk!
You escape the ball python's grasp.
You enter the shallow water.
Moving in this stuff is going to be slow.
* * * LOW HITPOINT WARNING * * *
You feel sick.
The bullfrog hits you but does no damage.
The ball python bites your white imp but does no damage.
The ball python constricts your white imp.
Your white imp barely misses the ball python.
You feel a strong urge to attack something.
* * * LOW HITPOINT WARNING * * *
You feel sick. The adder barely misses your white imp.
The bullfrog barely misses you. The adder bites you.
You die...

#...##### #....'..#
#....#..# ##...####
#....###################
#......≈≈≈≈≈≈≈≈≈≈≈≈≈≈≈..
##.....≈≈≈≈≈≈≈≈≈≈≈≈≈≈≈≈.
#....≈≈≈≈≈≈≈≈≈≈≈≈≈≈≈≈..
#....≈≈≈≈≈5@F≈S5S≈≈≈≈≈.
##....≈≈≈≈≈SSFSS≈≈≈≈≈≈.
###.#≈≈≈≈≈≈≈≈≈≈≈≈≈≈≈#.
###################


You could see 2 bullfrogs, 4 adders, 2 ball pythons, a friendly iron imp and a
friendly white imp.

Vanquished Creatures
  The ghost of TZer0 the Slasher, an amateur NaWr (Sewer)
  4 river rats (Sewer)
  4 adders
  An ooze (Sewer)
  A worm (D:3)
  4 dart slugs (D:1)
  2 leopard geckos (D:1)
  8 ball pythons
  5 giant cockroaches (D:3)
  5 goblins
  3 hobgoblins
  4 jackals (D:1)
  A quokka (D:2)
  3 bats
  4 frilled lizards
  4 kobolds
  28 rats
82 creatures vanquished.

Vanquished Creatures (collateral kills)
  A ball python (Sewer)
1 creature vanquished.

Grand Total: 83 creatures vanquished

Notes
Turn   | Place    | Note
-------+----------+-------------------------------------------
     0 | D:1      | Musica the Demonspawn Berserker began the quest for the Orb.
     0 | D:1      | Reached XP level 1. HP: 18/18 MP: 1/1
   170 | D:1      | Gained mutation: You are partially covered in rugged brown scales. (AC +1, +3% HP) [demonic ancestry]
   170 | D:1      | Reached XP level 2. HP: 13/24 MP: 2/2
   487 | D:1      | Reached ** piety under Trog
   550 | D:1      | Gained mutation: A weak demonic guardian rushes to your aid. [demonic ancestry]
   550 | D:1      | Reached XP level 3. HP: 29/29 MP: 3/3
   907 | D:3      | Reached skill level 1 in Polearms
  1087 | D:3      | Found a glowing drain.
  1131 | Sewer    | Entered a sewer
  1149 | Sewer    | Reached XP level 4. HP: 35/38 MP: 4/4
  1158 | Sewer    | Reached skill level 4 in Fighting
  1258 | Sewer    | Noticed TZer0's ghost (amateur NaWr)
  1272 | Sewer    | Killed TZer0's ghost
  1272 | Sewer    | Reached XP level 5. HP: 44/44 MP: 5/5
  1353 | Sewer    | Reached *** piety under Trog
  1453 | Sewer    | Reached XP level 6. HP: 32/50 MP: 6/6
  1501 | Sewer    | HP: 3/75 [adder (2)]
  1503 | Sewer    | Slain by an adder

Vault maps used:
D:1:      matt_arrival_los_fun
D:3:      grunt_temple_overflow_opulence, ecumenical_altar_1,
          portal_sewer_entry_e, lemuel_altar_in_water2, uniq_robin,
          uniq_jessica, uniq_iyjb
Sewer:    sewer_minmay_w

Skill      XL: |  1  2  3  4  5 |
---------------+----------------+-----
Long Blades    | 3 |  3.9
Polearms       | 1 2 3 |  3.2
Fighting       | 4 |  4.6
Armour         | |  1.7
Dodging        | |  1.7

Action                   |  1- 3 |  4- 6 || total
-------------------------+-------+-------++-------
Melee: Falchion          |    14 |       ||    14
       Spear             |    95 |   102 ||   197
Invok: Berserk           |     1 |     2 ||     3
  Use: Scroll            |     5 |       ||     5
 Stab: Sleeping          |     6 |       ||     6
  Eat: Chunk             |     2 |     2 ||     4
Armor: Animal skin       |    24 |    16 ||    40
Dodge: Dodged            |    62 |    37 ||    99
       Rpst.: Falchion   |     2 |       ||     2
